 Dungeon Crawl Stone Soup version 0.26.1-2-gb8aa6d0cf2 (webtiles) character file.

Game seed: 8053865461366961141

63 MrMittens the Vandal (level 4, -1/29 HPs)
             Began as a Halfling Hunter on Mar 29, 2021.
             Slain by a scorpion (8 damage)
             ... on level 4 of the Dungeon.
             The game lasted 00:25:28 (2662 turns).

MrMittens the Vandal (Halfling Hunter)              Turns: 2662, Time: 00:25:28

Health: -1/29      AC:  3    Str: 14    XL:     4   Next: 31%
Magic:  4/4        EV: 14    Int:  9    God:
Gold:   185        SH:  0    Dex: 14    Spells: 3/3 levels left

rFire    . . .     SeeInvis .   b - +0 short sword
rCold    . . .     Faith    +   (shield restricted)
rNeg     . . .     Spirit   .   c - +0 leather armour
rPois    .         Reflect  .   (no helmet)
rElec    .         Harm     .   (no cloak)
rCorr    .         Rampage  .   (no gloves)
Will     .....                  (no boots)
Stlth    ++........             o - amulet of faith
HPRegen  0.09/turn              (no ring)
MPRegen  0.09/turn              (no ring)

@: lethally poisoned (-1 -> -12)
A: small, mutation resistance 1
a: no special abilities


You were on level 4 of the Dungeon.
You visited 1 branch of the dungeon, and saw 4 of its levels.

You collected 185 gold pieces.

Inventory:

Hand Weapons
 a - a +1 hunting sling
 b - a +0 short sword (weapon)
 e - a +0 whip
 f - a +0 dagger
 g - a +0 hunting sling
 i - a +0 dagger
 k - a cursed -2 club
 l - a +0 spear
 m - a +0 spear
 q - a +0 dagger
 t - a +0 dagger
 u - a +0 club
 v - a +0 spear
 w - a +2 dagger of speed
 B - a +0 mace
 C - a +0 dagger
 D - a +0 club
 E - a +0 spear
 G - a +0 whip
 H - a +0 whip
 I - a +0 long sword
Missiles
 d - 16 sling bullets
 h - 22 bolts
 A - 10 stones
Armour
 c - a +0 leather armour (worn)
 j - a +0 ring mail
 p - a +0 ring mail
 x - a +0 pair of gloves
Jewellery
 o - an amulet of faith (around neck)
 F - an uncursed ring of fire {unknown}
Scrolls
 n - a scroll of random uselessness {unknown}
 s - a scroll of noise {unknown}
 y - a scroll of magic mapping {unknown}
 z - a scroll of identify {unknown}
Potions
 r - a potion of berserk rage {unknown}


   Skills:
 + Level 2.2 Fighting
 + Level 7.2 Slings
 + Level 1.3 Armour
 + Level 2.2 Dodging
 + Level 1.4 Stealth


You had 3 spell levels left.
You didn't know any spells.
Your spell library was empty.

Dungeon Overview and Level Annotations

Branches:
Dungeon (4/15)
 Temple: D:4-7

Altars:


Innate Abilities, Weirdness & Mutations

You are small and have problems with some larger weapons.
You are somewhat resistant to further mutation.


Message History

The scorpion poisons you!
Okay, then.
A scorpion is nearby!
A scorpion is nearby!
A scorpion is nearby!
You completely miss the scorpion.
The scorpion is heavily wounded.
You feel sick. The scorpion closely misses you.
You hit the scorpion but do no damage.
The scorpion is heavily wounded.
You feel sick. The scorpion stings you.
You closely miss the scorpion.
The scorpion is heavily wounded.
* * * LOW HITPOINT WARNING * * *
You feel sick. The scorpion barely misses you.
You barely miss the scorpion.
The scorpion is heavily wounded.
* * * LOW HITPOINT WARNING * * *
You feel sick. The scorpion stings you!
You die...

#############
#.<.......((#
#........(..#
##.##..†...>(...#
.........@s.....#
#.#.#.#.#.#.#.#.#
#.#.#.#.#.#.#.#
#.#.#.#.#.#.#.#.#
#.#.#.#.#.#.#.#.#.#
.#.#.#.#.#
#.#.#.#.# .#.#.#.#
#.#.#.#. #.#.#.#
#.#.#. .# #.


You could see a scorpion.

Vanquished Creatures
  An adder (D:3)
  A worm (D:3)
  4 dart slugs (D:1)
  A leopard gecko (D:4)
  5 bats
  2 giant cockroaches (D:1)
  3 goblins
  6 hobgoblins
  3 jackals (D:3)
  3 kobolds
  3 ball pythons (D:3)
  4 frilled lizards (D:1)
  6 rats
42 creatures vanquished.

Notes
Turn   | Place    | Note
-------+----------+-------------------------------------------
     0 | D:1      | MrMittens the Halfling Hunter began the quest for the Orb.
     0 | D:1      | Reached XP level 1. HP: 14/14 MP: 1/1
   334 | D:1      | Reached skill level 6 in Slings
   481 | D:1      | Reached XP level 2. HP: 19/19 MP: 2/2
   913 | D:1      | Reached XP level 3. HP: 22/24 MP: 3/3
  1768 | D:3      | Reached skill level 1 in Armour
  1782 | D:3      | Reached skill level 7 in Slings
  1782 | D:3      | Reached XP level 4. HP: 11/29 MP: 4/4
  2662 | D:4      | Slain by a scorpion

Illustrated notes

Levels and vault maps discovered:
D:1:      lemuel_arrival_behind_the_door_small, layout_basic,
          hangedman_feature_mirror
D:2:      layout_basic, uniq_crazy_yiuf_cottage
D:3:      layout_basic, minmay_misc_feat_secret_circle, saegor_snake_ambush
D:4:      layout_basic, minmay_box_of_dots, uniq_ijyb, uniq_robin, uniq_menkaure

Skill      XL: |  1  2  3 |
---------------+----------+-----
Slings         | 6 7 |  7.2
Fighting       | 2 |  2.2
Armour         | 1 |  1.3
Dodging        | |  2.2
Stealth        | |  1.4

Action                   |  1- 3 |  4- 6 || total
-------------------------+-------+-------++-------
Melee: Short sword       |       |     4 ||     4
 Fire: Hunting sling     |    80 |    39 ||   119
Armor: Leather armour    |     9 |     5 ||    14
Dodge: Dodged            |    22 |    28 ||    50
